FIQ, neutral male scurrid Tourist ----- |.@.| |...| |...| |..#| ..r.| |...| ----- FIQ the Rambler Experience level: 1 Strength: 12 Dexterity: 15 Constitution: 14 Intelligence: 11 Wisdom: 7 Charisma: 16 Health: 0(9) Energy: 2(2) Def: 0 Gold: 121 Moves: 55 Dungeon seed: a3rS05amkYkzL_aQ Game ID: FIQ_1498603591 Your Inventory: Coins $ - 121 gold pieces Weapons a - 41 uncursed +2 darts (in quiver) Armor e - an uncursed +0 Hawaiian shirt (being worn) Comestibles b - 4 uncursed food rations c - an uncursed pancake d - an uncursed orange f - an uncursed apple g - an uncursed egg h - an uncursed tripe ration i - an uncursed tin of newt meat Scrolls k - 4 uncursed scrolls of magic mapping p - an uncursed scroll of identify Potions j - 2 uncursed potions of extra healing Wands n - an uncursed wand of secret door detection (0:12) Tools l - an uncursed expensive camera (0:60) m - an uncursed credit card o - an uncursed tin opener Spells and supernatural/magical abilities: Name Level Category Fail Memory W - pray for help -- divine ? -- Your skills at the end: Miscellaneous Skills wands [Basic] Weapon Skills dart [Basic] Spellcasting Skills Final Attributes: You were devoutly aligned. You had infravision. You were very stealthy. You are dead. Voluntary challenges: You went without food. You did not adorn yourself with jewelry or accessories. You did not cause conflict. You were not invisible. You did not have reflection. You were not displaced. You were an atheist. You never hit with a wielded weapon. You were a pacifist. You did not use tools. You did not use plumbed fixtures. You did not drink any magical draughts. You were illiterate. You never genocided any monsters. You never polymorphed an object. You never changed form. You used no wishes. You never split a pudding. You never wrote Elbereth's name. You never violated your personal moral code. Dungeon overview: The Dungeons of Doom: levels 1 to 14 Level 1 an altar to Blind Io a long staircase Level 2 Level 3 a potion shop Level 4 Level 5 Level 6 Level 7 Level 8 Level 9 Level 10 Level 11 Level 12 Level 13 a sink Level 14 <- You were here a sink History has recorded: On T:1 you entered the Dungeons of Doom to retrieve the Amulet of Yendor! On T:26 you reached level 2 of The Dungeons of Doom. On T:28 you reached level 3 of The Dungeons of Doom. On T:31 you reached level 4 of The Dungeons of Doom. On T:33 you reached level 5 of The Dungeons of Doom. On T:35 you reached level 6 of The Dungeons of Doom. On T:37 you reached level 7 of The Dungeons of Doom. On T:40 you reached level 8 of The Dungeons of Doom. On T:42 you reached level 9 of The Dungeons of Doom. On T:44 you reached level 10 of The Dungeons of Doom. On T:48 you reached level 11 of The Dungeons of Doom. On T:50 you reached level 12 of The Dungeons of Doom. On T:52 you reached level 13 of The Dungeons of Doom. On T:55 you reached level 14 of The Dungeons of Doom. Score breakdown: Gold: 0 ( 0 points) Experience: 1 level ( 0 points) Exploration: 14 levels ( 390 points) Discoveries: 2 items ( 100 points) Variety of kills: 0 monsters ( 0 points) Major goal: (nothing yet) ( 0 points) Survival: died (score multiplied by 3) Total score: 1470 Latest messages: You start digging downward. You continue digging downward. You dig a pit in the floor. You continue digging downward. You dig a hole through the floor. You fall through... You start digging downward. You continue digging downward. You dig a pit in the floor. You continue digging downward. You dig a hole through the floor. You fall through... You receive a faint telepathic message from Twoflower: Your help is urgently needed at Ankh-Morpork! Look for a ...ic transporter. You couldn't quite make out that last message. p - a scroll labeled XYZZY. You start digging downward. You continue digging downward. You dig a pit in the floor. Something is hit. You continue digging downward. You dig a hole through the floor. You fall through... The werewolf zaps a crystal wand! The magic missile hits you! You die... Final status: Aloha FIQ the Tourist, killed by a magic missile... You died in The Dungeons of Doom on dungeon level 14 with 1470 points, and 121 pieces of gold, after 55 moves. You were level 1 with a maximum of 9 hit points when you died.